 Dungeon Sprint DCSS version 0.30-a0-719-gcc4359ea44 (webtiles) character file.

Game seed: 6369897518697640973

35585 CrazyBamboolord the Executioner (level 13, -9/139 HPs)
             Began as a Minotaur Fighter on Jan 26, 2023.
             Was the Champion of Makhleb.
             Mangled by a +0 battleaxe of electrocution (12 damage)
             ... in the Dungeon (Sprint V: "Ziggurat Sprint").
             The game lasted 00:13:18 (1074 turns).

CrazyBamboolord the Executioner (Minotaur Fighter)  Turns: 1074, Time: 00:13:18

Health: -9/139     AC: 36    Str: 26    XL:     13   Next: 48%
Magic:  20/20      EV:  5    Int:  5    God:    Makhleb [******]
Gold:   0          SH: 33    Dex: 10    Spells: 12/12 levels left

rFire   . . .      SeeInvis +    b - +16 obsidian axe {drain, demonic, Mesm Drain Fly SInv}
rCold   . . .      Faith    .    H - +18 shield of the Gong {Loud rElec rN+ Will+ EV-5}
rNeg    + + +      Spirit   .    G - +15 Maxwell's patent armour {-Cast -Tele rElec Will+ rCorr}
rPois   .          Reflect  .    (helmet restricted)
rElec   +          Harm     .    (no cloak)
rCorr   +          Rampage  +    (no gloves)
Will    +++..      NoTele   +    I - +2 pair of boots {rampage} Stlth NoCast +
                                 K - macabre finger necklace {Finger+ rN+}
HPRegen 0.43/turn                N - ring of resist corrosion
MPRegen 0.17/turn                q - ring of positive energy
                                 w - ring of willpower

@: lethally poisoned (-9 -> -17), flying, mesmerised, studying Dodging
A: horns 2, retaliatory headbutt
a: Renounce Religion, Minor Destruction, Lesser Servant of Makhleb, Major
Destruction, Greater Servant of Makhleb


You were in the Dungeon.
You worshipped Makhleb.
Makhleb was exalted by your worship.
You visited 1 branch

Inventory:

Hand Weapons
 a - the +8 lance "Wyrmbane" {slay drac, rPois rF+ rC+ AC+3}
   (You found it in the Dungeon)

   AC:        It affects your AC (+3).
   rF:        It protects you from fire.
   rC:        It protects you from cold.
   rPois:     It protects you from poison.
 b - the +16 obsidian axe (weapon) {drain, demonic, Mesm Drain Fly SInv}
   (You found it in the Dungeon)

   Mesm:      Its wielder is mesmerised by any visible foes, and it cannot be
   unequipped while any foes are visible.
   SInv:      It lets you see invisible.
   Fly:       It grants you flight.
   Drain:     It drains your maximum health when unequipped.
 F - the +27 heavy crossbow "Sniper" {heavy, Acc+∞ SInv}
   (You found it in the Dungeon)

   Acc+∞: It never misses its target.
   SInv:      It lets you see invisible.
 M - the +5 consecrated labrys {holy, Valiant Fragile Fly SInv}
   (You found it in the Dungeon)

   Valiant:   It becomes more powerful as more dangerous foes come into view.
   SInv:      It lets you see invisible.
   Fly:       It grants you flight.
   Fragile:   It will be destroyed if unequipped.
Missiles
 L - a throwing net (quivered)
Armour
 k - a +3 buckler
 l - a +3 kite shield
 m - a +3 tower shield
 G - the +15 Maxwell's patent armour (worn) {-Cast -Tele rElec Will+ rCorr}
   (You found it in the Dungeon)

   rElec:     It insulates you from electricity.
   -Cast:     It prevents spellcasting.
   -Tele:     It prevents most forms of teleportation.
   rCorr:     It protects you from acid and corrosion.
   Will:      It increases your willpower.
 H - the +18 shield of the Gong (worn) {Loud rElec rN+ Will+ EV-5}
   (You found it in the Dungeon)

   Loud:      It is deafeningly noisy when blocking attacks.
   EV:        It affects your evasion (-5).
   rElec:     It insulates you from electricity.
   rN:        It protects you from negative energy.
   Will:      It increases your willpower.
 I - a +2 pair of boots of rampaging (worn)
Jewellery
 c - the amulet of Barof {RegenMP Str+4}
   (You found it in the Dungeon)

   [amulet of magic regeneration]

   It increases your rate of magic regeneration.
   Str:       It affects your strength (+4).
 q - a ring of positive energy (right hand)
 t - an amulet of regeneration
 v - a ring of flight
 w - a ring of willpower (on amulet)
 x - the ring "Nippeul" {Wiz +Blink rElec}
   (You found it in the Dungeon)

   [ring of wizardry]

   It improves your spell success rate.
   rElec:     It insulates you from electricity.
   +Blink:    It lets you blink.
 A - a +6 ring of strength
 B - a +6 ring of strength
 K - the macabre finger necklace (around neck) {Finger+ rN+}
   (You found it in the Dungeon)

   [amulet of nothing]

   Finger+:   It enables you to equip an extra ring.
   rN:        It protects you from negative energy.
 N - a ring of resist corrosion (left hand)
Wands
 C - a wand of mindburst (7)
 D - a wand of iceblast (7)
 E - a wand of acid (7)
Scrolls
 j - 4 scrolls of blinking
 r - 4 scrolls of amnesia
 s - 7 scrolls of fog
 u - a scroll of fear
 J - 3 scrolls of enchant armour
 O - a scroll of brand weapon
Potions
 d - 9 potions of might
 e - 10 potions of curing
 f - 3 potions of heal wounds
 g - 6 potions of haste
 h - 7 potions of magic
 i - 3 potions of berserk rage
 n - 2 potions of brilliance
 o - 2 potions of invisibility
 p - 2 potions of resistance


   Skills:
 * Level 19.8 Fighting
 * Level 23.0 Axes
 - Level 1.7 Ranged Weapons
 * Level 17.5 Armour
 * Level 9.8 Dodging
 * Level 21.8 Shields
 * Level 11.9 Invocations


You had 12 spell levels left.
You didn't know any spells.
Your spell library contained the following spells:

 Spells                   Type           Power      Damage    Failure   Level
 Magic Dart               Conj           0%         1d3       99%         1
 Necrotise                Necr           0%         1d4       99%         1
 Shock                    Conj/Air       0%         1d3       99%         1
 Slow                     Hex            0%         N/A       99%         1
 Call Imp                 Summ           0%         N/A       99%         2
 Cigotuvi's Dreadful Rot  Necr/Pois/Air  0%         N/A       99%         2
 Momentum Strike          Conj/Tloc      0%         3d8       99%         2
 Poisonous Vapours        Pois/Air       0%         N/A       99%         2
 Sublimation of Blood     Necr           0%         N/A       99%         2
 Wereblood                Tmut           0%         N/A       99%         2
 Confusing Touch          Hex            0%         N/A       100%        3
 Dazzling Flash           Conj/Hex       0%         N/A       100%        3
 Hailstorm                Conj/Ice       0%         3d3       100%        3
 Mephitic Cloud           Conj/Pois/Air  0%         N/A       100%        3
 Ozocubu's Armour         Ice            0%         N/A       100%        3
 Stone Arrow              Conj/Erth      0%         3d7       100%        3
 Swiftness                Air            0%         N/A       100%        3
 Tukima's Dance           Hex            0%         N/A       100%        3
 Vampiric Draining        Necr           0%         2d6       100%        3
 Airstrike                Air            0%         2d(0-16)  100%        4
 Animate Armour           Summ/Erth      0%         N/A       100%        4
 Iskenderun's Mystic Bla  Conj/Tloc      0%         2d3       100%        4
 Summon Lightning Spire   Summ/Air       0%         N/A       100%        4
 Fireball                 Conj/Fire      0%         3d3       100%        5
 Freezing Cloud           Conj/Ice/Air   0%         6-21      100%        5
 Iskenderun's Battlesphe  Conj           0%         2d6       100%        5
 Lightning Bolt           Conj/Air       0%         1d11      100%        5
 Metabolic Englaciation   Hex/Ice        0%         N/A       100%        5
 Conjure Ball Lightning   Conj/Air       0%         3x3d6     100%        6
 Starburst                Conj/Fire      0%         6d3       100%        6
 Enfeeble                 Hex            0%         N/A       100%        7
 Malign Gateway           Summ/Tloc      0%         N/A       100%        7
 Orb of Destruction       Conj           0%         9d5       100%        7
 Summon Hydra             Summ           0%         N/A       100%        7
 Lehudib's Crystal Spear  Conj/Erth      0%         10d2      100%        8
 Maxwell's Capacitive Co  Air            0%         ∞         100%        8
 Summon Horrible Things   Summ           0%         N/A       100%        8
 Chain Lightning          Conj/Air       0%         N/A       100%        9
 Fire Storm               Conj/Fire      0%         5d1       100%        9
 Shatter                  Erth           0%         3d5*      100%        9


Dungeon Overview and Level Annotations

Branches:
Dungeon (1/1)

Altars:
Ashenzari
Cheibriados
Dithmenos
Elyvilon
Fedhas
Gozag
Hepliaklqana
Kikubaaqudgha
Makhleb
Nemelex Xobeh
Okawaru
Qazlal
Ru
Sif Muna
Trog
Uskayaw
Vehumet
Wu Jian
Xom
Yredelemnul
Zin
The Shining One
Jiyva
Lugonu

Annotations:
D 1 transporter


Innate Abilities, Weirdness & Mutations

You have a pair of horns on your head.
You reflexively headbutt those who attack you in melee.


Message History

The ghostly deep elf death mage beckons forth a restless soul!
The deep elf demonologist gestures wildly while chanting.
The deep elf annihilator gestures at you while chanting.
The bolt of lightning hits your neqoxec!
Your neqoxec dies!
Your neqoxec disappears in a puff of smoke!
The bolt of lightning hits you. You resist.
* * * LOW HITPOINT WARNING * * *
The bolt of lightning hits the +0 battleaxe of electrocution.
The +0 battleaxe of electrocution completely resists.
You block the +0 battleaxe of electrocution's attack.
GONNNNG!
As you read the scroll of fear, it crumbles to dust.
You assume a fearsome visage.
The deep elf knight looks frightened! x2
The deep elf annihilator looks frightened!
The deep elf high priest resists with almost no effort.
The deep elf demonologist looks frightened!
The +3 vampiric war axe is unaffected.
The +0 battleaxe of electrocution is unaffected.
The lost soul is unaffected.
The ghostly deep elf death mage is unaffected.
The deep elf pyromancer looks frightened!
The deep elf sorcerer resists with almost no effort.
The neqoxec looks frightened!
The deep elf master archer resists with almost no effort. x2
The deep elf sorcerer resists with almost no effort.
Visions of slaying the deep elf sorcerer flood into your mind.
* * * LOW HITPOINT WARNING * * *
You feel sick.
Your sun demon completely misses the deep elf knight.
You block the deep elf sorcerer's attack.
PANG!
The deep elf master archer shoots an arrow.
BONNNG!
You block the arrow.
The deep elf master archer shoots an arrow.
GONNNNG!
You block the arrow.
The +0 battleaxe of electrocution hits you!
You die...

▓▓▓▓▓▓▓▓▓▓▓▓▓▓▓▓▓▓▓▓▓▓▓
▓....8©8....▓▓.8©8.▓.8©
▓..:.[.[)"..▓▓.))|.▓.[.
▓..:3)?==)..▓▓..)..▓...
▓.....e.....▓▓.....▓..)
▓..*ee(ee...▓▓.†...▓...
▓..3eeee.§..▓▓.....▓..)
▓...e§@(§.§.▓▓..©..▓..©
▓..▓...e§▓..▓▓▓▓▓▓▓▓▓▓▓
▓.▓...▓§▓ ▓..8©8...▓.
▓..▓.....▓..▓..[).)..▓.
▓.....©.....▓...[....▓.
▓▓▓▓▓▓▓▓▓▓▓▓▓...).)..▓.
▓....8©8....▓........▓.
▓..})...}|..▓........▓.
▓...[)))....▓...©....▓.


You could see 2 deep elf master archers, a deep elf annihilator (empowered,
fleeing), a ghostly deep elf death mage (empowered, ally target), 2 deep elf
sorcerers, a deep elf demonologist (empowered, fleeing), 2 deep elf knights, a
deep elf high priest (brilliance aura), a deep elf pyromancer (empowered,
fleeing), a neqoxec (summoned, fleeing), a lost soul (summoned), 2 dancing
weapons and a friendly sun demon (summoned).

Vanquished Creatures
  2 deep elf master archers (D)
  A shadow dragon (D)
  2 stone giants (D)
  A yaktaur captain (D)
  A salamander tyrant (D)
  2 vault guards (D)
  3 centaur warriors (D)
  4 dancing weapons (D)
  6 hell hogs (D)
  A cyclops (D)
  An elephant (D)
  An eye of devastation (D)
  2 cane toads (D)
  2 komodo dragons (D)
  2 yaktaurs (D)
  3 merfolk (D)
  A polar bear (D)
  2 slime creatures (D)
  A spriggan (D)
  A yak (D)
  A water moccasin (D)
  A black bear (D)
  2 centaurs (D)
  3 wolves (D)
  An earth elemental (D)
  A bullfrog (D)
  A quasit (D)
  An iron imp (D)
  3 jellies (D)
  2 adders (D)
  A white imp (D)
  2 ball pythons (D)
58 creatures vanquished.

Vanquished Creatures (collateral kills)
  An ancient lich (D)
  A hellephant (D)
  A fire giant (D)
  7 vault guards (D)
  A deep elf knight (D)
  3 deep elf archers (D)
  2 deep elf zephyrmancers (D)
  An eye of devastation (D)
  A cane toad (D)
  A rime drake (D)
  A yaktaur (D)
  A komodo dragon (D)
  2 merfolk (D)
  A wind drake (D)
  A spriggan (D)
  A yak (D)
  A steam dragon (D)
  2 water moccasins (D)
  2 large abominations (D)
  A floating eye (D)
  A black bear (D)
  A centaur (D)
  An earth elemental (D)
  2 iguanas (D)
  A jelly (D)
  A river rat (D)
  An endoplasm (D)
  A quokka skeleton (D)
41 creatures vanquished.

Vanquished Creatures (others)
  A fire elemental (D)
  A golden eye (D)
2 creatures vanquished.

Grand Total: 101 creatures vanquished

Notes
Turn   | Place    | Note
-------+----------+-------------------------------------------
     0 | D        | CrazyBamboolord the Minotaur Fighter began the quest for
                  | the Orb.
     0 | D        | Reached XP level 1. HP: 19/19 MP: 0/0
     0 | D        | Found a blossoming altar of Fedhas.
     0 | D        | Found the +6 Majin-Bo {spellvamp, MP+6 Int+6}
     0 | D        | Found the +27 heavy crossbow "Sniper" {heavy, Acc+∞ SInv}
     0 | D        | Found the +10 dark maul {heavy}
     0 | D        | Found the +15 Maxwell's patent armour {-Cast -Tele rElec
                  | Will+ rCorr}
     0 | D        | Found the +18 shield of the Gong {Loud rElec rN+ Will+
                  | EV-5}
     0 | D        | Found the +16 obsidian axe {drain, demonic, Mesm Drain Fly
                  | SInv}
     0 | D        | Found the +7 great mace "Firestarter" {flame, inner flame,
                  | rFlCloud rF++}
     0 | D        | Found the +6 shillelagh "Devastator" {shatter}
     0 | D        | Found the +11 plutonium sword {Contam Stlth-}
     0 | D        | Found the +8 lance "Wyrmbane" {slay drac, rPois rF+ rC+
                  | AC+3}
     0 | D        | Found the +9 sword of Zonguldrok {reap}
     0 | D        | Found the +13 scythe of Curses {drain, curses, Drain}
     0 | D        | Found the +9 sword of Power {lifebolt}
     0 | D        | Found the +7 mace of Variability {chaos, chain chaos}
     0 | D        | Found the +11 Singing Sword {sonic wave}
     0 | D        | Found the +8 storm bow {elec, penet}
     6 | D        | Found a shimmering blue altar of Sif Muna.
     6 | D        | Found a sacrificial altar of Ru.
     6 | D        | Found a bloodstained altar of Trog.
     6 | D        | Found a stormy altar of Qazlal.
     6 | D        | Found an iron altar of Okawaru.
     6 | D        | Found a sparkling altar of Nemelex Xobeh.
     8 | D        | Found a transporter.
     8 | D        | Found an ancient bone altar of Kikubaaqudgha.
     8 | D        | Found a viscous altar of Jiyva.
     8 | D        | Found a corrupted altar of Lugonu.
     8 | D        | Found a hazy altar of Hepliaklqana.
     8 | D        | Found a burning altar of Makhleb.
     8 | D        | Found an opulent altar of Gozag.
    51 | D        | Reached skill level 5 in Fighting
    51 | D        | Reached skill level 5 in Axes
    51 | D        | Reached skill level 5 in Armour
    51 | D        | Reached skill level 5 in Shields
    51 | D        | Reached XP level 2. HP: 30/30 MP: 1/1
   133 | D        | Became a worshipper of Makhleb the Destroyer
   155 | D        | Entered arena 2.
   155 | D        | Found a transporter.
   159 | D        | Reached skill level 1 in Ranged Weapons
   159 | D        | Reached XP level 3. HP: 36/38 MP: 2/2
   159 | D        | Reached XP level 4. HP: 43/45 MP: 3/3
   167 | D        | Entered arena 3.
   167 | D        | Noticed a deep elf zephyrmancer
   167 | D        | Noticed a +0 short sword of draining
   167 | D        | Noticed a deep elf knight
   167 | D        | Found a transporter.
   171 | D        | Killed a +0 short sword of draining
   171 | D        | Reached * piety under Makhleb
   172 | D        | Reached skill level 10 in Fighting
   172 | D        | Reached skill level 8 in Axes
   172 | D        | Reached skill level 10 in Armour
   172 | D        | Reached skill level 10 in Shields
   172 | D        | Reached XP level 5. HP: 58/58 MP: 3/6
   172 | D        | Reached XP level 6. HP: 66/66 MP: 3/7
   172 | D        | Reached XP level 7. HP: 72/72 MP: 3/8
   181 | D        | Killed a deep elf knight
   182 | D        | Reached skill level 9 in Axes
   182 | D        | Reached XP level 8. HP: 50/82 MP: 4/10
   184 | D        | Killed a deep elf zephyrmancer
   185 | D        | Reached skill level 5 in Invocations
   188 | D        | Got the amulet of Barof {RegenMP Str+4}
   278 | D        | Entered arena 4.
   278 | D        | Found a transporter.
   280 | D        | Reached ** piety under Makhleb
   286 | D        | Reached skill level 10 in Axes
   295 | D        | Entered arena 5.
   295 | D        | Noticed a deep elf archer
   295 | D        | Noticed a deep elf archer
   295 | D        | Noticed a +3 dire flail of protection
   295 | D        | Found a transporter.
   308 | D        | Killed a +3 dire flail of protection
   308 | D        | Reached *** piety under Makhleb
   309 | D        | Reached skill level 11 in Axes
   309 | D        | Reached XP level 9. HP: 54/90 MP: 12/12
   309 | D        | Killed a deep elf archer
   311 | D        | Killed a deep elf archer
   312 | D        | Reached skill level 12 in Axes
   518 | D        | Got the Grimoire of the Arctic Lungs
   521 | D        | Entered arena 6.
   521 | D        | Noticed a deep elf archer
   521 | D        | Noticed a +1 scimitar of holy wrath
   521 | D        | Noticed a deep elf zephyrmancer
   521 | D        | Found a transporter.
   525 | D        | Killed a +1 scimitar of holy wrath
   525 | D        | Reached **** piety under Makhleb
   526 | D        | Reached skill level 13 in Axes
   526 | D        | Reached XP level 10. HP: 70/101 MP: 12/14
   527 | D        | Killed a deep elf zephyrmancer
   528 | D        | Reached skill level 15 in Shields
   529 | D        | Killed a deep elf archer
   628 | D        | Entered arena 7.
   629 | D        | Found a transporter.
   632 | D        | Reached skill level 14 in Axes
   632 | D        | Reached ***** piety under Makhleb
   651 | D        | Entered arena 8.
   651 | D        | Found the macabre finger necklace {Finger+ rN+}
   651 | D        | Noticed a large abomination
   652 | D        | Found a transporter.
   660 | D        | Reached ****** piety under Makhleb
   663 | D        | Killed a large abomination
   688 | D        | Entered arena 9.
   689 | D        | Found a transporter.
   693 | D        | Reached skill level 15 in Axes
   740 | D        | Entered arena 10.
   740 | D        | Noticed a cane toad
   740 | D        | Noticed a cane toad
   741 | D        | Found a transporter.
   744 | D        | Reached skill level 16 in Axes
   744 | D        | Killed a cane toad
   744 | D        | Killed a cane toad
   745 | D        | Reached XP level 11. HP: 111/111 MP: 16/16
   747 | D        | Reached skill level 15 in Armour
   769 | D        | Entered arena 11.
   769 | D        | Found the +5 consecrated labrys {holy, Valiant Fragile Fly
                  | SInv}
   771 | D        | Found a transporter.
   778 | D        | Reached skill level 17 in Axes
   787 | D        | Got Sif Muna's Anthology of Enchanting Destruction
   849 | D        | Entered arena 12.
   849 | D        | Noticed a fire giant
   849 | D        | Noticed a hell hog
   849 | D        | Noticed a hell hog
   849 | D        | Noticed a salamander tyrant
   849 | D        | Noticed a hell hog
   849 | D        | Noticed a hellephant
   849 | D        | Noticed a hell hog
   850 | D        | Noticed an ancient lich
   850 | D        | Noticed a hell hog
   850 | D        | Noticed a hell hog
   859 | D        | Killed a hell hog
   860 | D        | Reached skill level 15 in Fighting
   860 | D        | Killed a hell hog
   862 | D        | Killed a hell hog
   862 | D        | Killed a fire giant
   863 | D        | Reached skill level 18 in Axes
   863 | D        | Killed a hell hog
   865 | D        | Killed a hell hog
   866 | D        | Killed a hell hog
   867 | D        | Killed a salamander tyrant
   868 | D        | Reached skill level 19 in Axes
   868 | D        | Killed an ancient lich
   869 | D        | Reached skill level 20 in Axes
   869 | D        | Reached skill level 10 in Invocations
   869 | D        | Reached XP level 12. HP: 96/125 MP: 16/18
   870 | D        | Killed a hellephant
   874 | D        | Found a transporter.
   949 | D        | Entered arena 13.
   949 | D        | Noticed a vault guard
   949 | D        | Noticed a shadow dragon
   949 | D        | Noticed a vault guard
   949 | D        | Noticed a vault guard
   949 | D        | Noticed a vault guard
   949 | D        | Noticed a vault guard
   949 | D        | Noticed a vault guard
   950 | D        | Noticed a vault guard
   950 | D        | Identified the +4 scale mail "Satit" {rN+ Int-5 Dex+4}
   950 | D        | Noticed a vault guard
   951 | D        | Noticed a vault guard
   952 | D        | Killed a vault guard
   953 | D        | Reached skill level 1 in Dodging
   953 | D        | Found a transporter.
   953 | D        | Killed a vault guard
   954 | D        | Killed a vault guard
   955 | D        | Killed a vault guard
   956 | D        | Reached skill level 21 in Axes
   959 | D        | Killed a vault guard
   959 | D        | Killed a vault guard
   960 | D        | Killed a vault guard
   961 | D        | Reached skill level 5 in Dodging
   968 | D        | Killed a vault guard
   970 | D        | Killed a shadow dragon
   971 | D        | Killed a vault guard
   994 | D        | Entered arena 14.
   996 | D        | Found a transporter.
  1004 | D        | Reached XP level 13. HP: 136/136 MP: 20/20
  1005 | D        | Reached skill level 22 in Axes
  1031 | D        | Entered arena 15.
  1032 | D        | Noticed a stone giant
  1032 | D        | Noticed a deep elf master archer
  1033 | D        | Noticed a deep elf master archer
  1033 | D        | Noticed a stone giant
  1033 | D        | Found a transporter.
  1039 | D        | Killed a stone giant
  1041 | D        | Killed a deep elf master archer
  1043 | D        | Killed a stone giant
  1045 | D        | Killed a deep elf master archer
  1052 | D        | Got the ring "Nippeul" {Wiz +Blink rElec}
  1062 | D        | Got the Almanac of Glaciation and the Graveyard
  1065 | D        | Entered arena 16.
  1066 | D        | Noticed a deep elf death mage
  1066 | D        | Noticed a deep elf sorcerer
  1066 | D        | Noticed a deep elf master archer
  1066 | D        | Noticed a deep elf master archer
  1066 | D        | Noticed a deep elf sorcerer
  1066 | D        | Found the +5 Lochaber axe {reach-cleave, Poleaxe Drain}
  1066 | D        | Noticed a deep elf demonologist
  1066 | D        | Noticed a deep elf annihilator
  1067 | D        | Found a transporter.
  1070 | D        | Reached skill level 23 in Axes
  1072 | D        | Killed a deep elf death mage
  1073 | D        | HP: 4/139 [deep elf annihilator/bolt of lightning (6)]
  1074 | D        | Mangled by a +0 battleaxe of electrocution

Illustrated notes

Levels and vault maps discovered:
D:        sprint_v [room_start, room_1, room_2, room_3, room_4, room_5, room_6,
          room_7, room_8, room_9, room_10, room_11, room_12, room_13, room_14,
          room_15, room_16, room_17, room_18, room_19, room_20, room_21,
          room_22, room_23, room_24, room_25, room_26, room_27]

Skill      XL: |  1  2  3  4  5  6  7  8  9 10 11 12 13 |
---------------+----------------------------------------+-----
Fighting       | 5 6 10 11 12 13 14 17 18 19 | 19.8
Axes           | 5 8 9 11 13 16 20 21 23 | 23.0
Armour         | 5 6 10 11 13 14 16 17 | 17.5
Shields        | 5 6 10 11 13 14 16 19 20 21 | 21.8
Ranged Weapons | 1 |  1.7
Invocations    | 3 4 5 6 8 10 11 | 11.9
Dodging        | 7 9 |  9.8

Action                     |  1- 3 |  4- 6 |  7- 9 | 10-12 | 13-15 || total
---------------------------+-------+-------+-------+-------+-------++-------
  Melee: Broad axe         |     2 |     3 |    28 |    76 |    14 ||   123
         Headbutt          |       |       |     2 |    13 |     1 ||    16
 Invoke: Greater Servant o |       |       |       |     1 |       ||     1
    Use: Potion            |     1 |     1 |     3 |     1 |     4 ||    10
         Scroll            |       |       |       |     1 |     1 ||     2
   Stab: Distracted        |       |       |       |     2 |     2 ||     4
 Armour: Plate armour      |     2 |     3 |    12 |    33 |    14 ||    64
  Dodge: Dodged            |       |       |     2 |     4 |     7 ||    13
  Block: Kite shield       |     4 |     3 |    54 |   115 |    38 ||   214

Table legend: (Time is in decaauts)
 A = Elapsed time spent in this place.
 B = Non-inter-level travel time spent in this place.
 C = Inter-level travel time spent in this place.
 D = Time resting spent in this place.
 E = Time spent auto-exploring this place.
 F = Levels seen in this place.
 G = Mean time per level.
                   A        B        C        D        E       F      G
               +--------+--------+--------+--------+--------+-----+--------+
         Total |   1062 |   1024 |     38 |    424 |      0 |   1 | 1062.0 |
       Dungeon |   1062 |   1024 |     38 |    424 |      0 |   1 | 1062.0 |
               +--------+--------+--------+--------+--------+-----+--------+

Top non-repeatable levels by time:
       D: 1062 daAuts
